Map: Dusk Towers

Players

RoroNoaZoro (JimRising)

  • Race: Zerg Zerg
  • League: Grandmaster

llllllIIlll (Nina) - Winner!

  • Race: Protoss Protoss
  • League: Master

Event: The PiG Daily 31

VOD

https://www.youtube.com/watch?v=eu9EARwl8B8

Description

Time

  • Played on: June 19, 2016, 11:48 p.m.
  • Length: 6:14

All games in this series

Show
View Real Time Build Order
Export as new Build Order

RoroNoaZoro Zerg 

Build Orders: Hatch First 

Get SALT Encoding   

  12  0:00  Drone  
  13  0:12  Overlord  
  13  0:17  Drone  
  14  0:31  Drone x2  
  14  0:35  Drone  
  17  0:53  Hatchery  
  17  0:56  Drone  
  17  0:58  Drone  
  18  1:12  Spawning Pool  
  18  1:14  Drone  
  18  1:18  Drone  
  19  1:25  Extractor  
  19  1:29  Drone  
  19  1:39  Drone  
  20  1:48  Hatchery  
  19  1:59  Queen  
  19  2:00  Drone  
  22  2:05  Drone x2  
  24  2:11  Drone  
  25  2:16  Overlord  
  25  2:22  Drone  
  26  2:27  Drone  
  27  2:31  Metabolic Boost  
  27  2:33  Drone  
  28  2:39  Queen  
  31  2:44  Zergling x2  
  31  2:45  Zergling x2  
  32  2:54  Overlord  
  32  2:58  Queen  
  34  2:59  Drone  
  34  3:01  Drone  
  36  3:06  Drone x2  
  36  3:10  Drone x2  
  40  3:16  Overlord  
  40  3:19  Pneumatized Carapace  
  40  3:22  Drone  
  40  3:25  Drone  
  40  3:26  Drone  
  43  3:29  Drone  
  43  3:30  Drone  
  43  3:32  Drone  
  46  3:34  Drone  
  46  3:36  Zergling x2  
  48  3:41  Spore Crawler  
  48  3:43  Spore Crawler  
  43  3:52  Zergling x4  
  43  3:54  Drone  
  43  3:55  Drone x2  
  44  4:00  Drone  
  44  4:01  Drone, Queen  
  49  4:03  Drone x2  
  49  4:08  Drone x2  
  53  4:12  Overlord  
  53  4:13  Drone  
  53  4:14  Drone  
  55  4:19  Lair  
  55  4:25  Drone  
  55  4:26  Drone, Overlord  
  57  4:37  Zergling x6  
  57  4:38  Drone, Zergling x2  
  60  4:39  Drone x4  
  64  4:52  Drone x2  
  66  4:53  Overlord  
  66  4:54  Evolution Chamber, Drone x3  
  66  4:55  Extractor  
  66  4:59  Overlord  
  67  5:04  Extractor, Drone x3  
  69  5:12  Spine Crawler  
  69  5:13  Drone, Roach Warren  
  68  5:17  Extractor, Zergling x4  
  68  5:20  Drone x5  
  68  5:21  Drone x2, Hydralisk Den  
  74  5:22  Drone x2  
  77  5:34  Zergling x8  
  81  5:43  Zergling x6  
  79  6:00  Drone x2  
  79  6:01  Drone  
Show
View Real Time Build Order
Export as new Build Order

llllllIIlll Protoss - Winner!

Build Orders: Aggressive Blink-Prism, 1 Gate Expand 

Get SALT Encoding   

  12  0:01  Probe (Chrono Boost)  
  13  0:12  Probe (Chrono Boost)  
  14  0:17  Pylon  
  14  0:22  Probe (Chrono Boost)  
  16  0:35  Probe (Chrono Boost)  
  16  0:38  Gateway  
  16  0:46  Probe (Chrono Boost), Assimilator  
  17  0:56  Probe (Chrono Boost)  
  18  1:07  Probe (Chrono Boost)  
  19  1:18  Probe (Chrono Boost)  
  20  1:24  Nexus  
  20  1:29  Probe (Chrono Boost)  
  21  1:36  Cybernetics Core  
  22  1:40  Probe (Chrono Boost)  
  22  1:43  Assimilator  
  22  1:50  Probe (Chrono Boost)  
  23  1:55  Pylon  
  23  2:13  Probe (Chrono Boost), Adept  
  23  2:14  Warp Gate  
  26  2:21  Twilight Council  
  26  2:23  Probe (Chrono Boost)  
  27  2:34  Probe (Chrono Boost)  
  29  2:37  Probe (Chrono Boost)  
  29  2:40  Adept  
  31  2:44  Probe (Chrono Boost)  
  31  2:47  Probe (Chrono Boost)  
  33  2:55  Probe (Chrono Boost)  
  33  2:56  Probe (Chrono Boost)  
  33  2:57  Resonating Glaives (Chrono Boost)  
  35  3:04  Robotics Facility  
  35  3:06  Probe x2  
  35  3:09  Adept  
  39  3:16  Pylon  
  39  3:17  Probe  
  39  3:18  Probe  
  41  3:29  Probe, Gateway  
  41  3:31  Probe  
  43  3:34  Gateway  
  43  3:40  Probe  
  43  3:43  Probe  
  45  3:51  Probe  
  46  3:59  Warp Prism  
  46  4:02  Probe, Mothership Core  
  47  4:11  Pylon  
  47  4:12  Probe  
  47  4:15  Nexus  
  47  4:16  Pylon  
  48  4:20  Adept  
  48  4:23  Probe x2  
  51  4:27  Adept  
  54  4:33  Gateway  
  54  4:42  Probe  
  55  4:46  Probe, Gateway  
  55  4:49  Observer  
  57  4:53  Adept x3  
  57  4:58  Probe  
  64  5:00  Assimilator  
  64  5:01  Assimilator, Pylon  
  64  5:02  Probe, Pylon  
  65  5:11  Probe  
  66  5:17  Adept x2  
  66  5:20  Adept  
  72  5:24  Pylon x2  
  72  5:26  Probe  
  73  5:29  Immortal  
  73  5:34  Probe  
  77  5:38  Probe  
  79  5:48  Probe, Adept x4  
  88  5:56  Probe x2  
  85  5:58  Probe  
  83  6:10  Adept  
  83  6:11  Adept x3  
Tags
 
Add a new tag
Caveats
  • Supply blocks, unpowered buildings, or Contaminate may cause inaccurate times.
  • Supply counts are checked every 10 seconds.